 Dungeon Crawl Stone Soup version 0.17.0-9-g801d43b (webtiles) character file.

116586 dorian the Tortoise (level 17, 0/133 HPs)
             Began as a Formicid Abyssal Knight on Nov 9, 2015.
             Was the Champion of Lugonu.
             Slain by a deep troll earth mage (8 damage)
             ... on level 1 of the Depths.
             The game lasted 01:34:47 (30468 turns).

dorian the Tortoise (Formicid Abyssal Knight)      Turns: 30468, Time: 01:34:48

Health: 0/133      AC: 24    Str: 26    XL:     17   Next: 26%
Magic:  0/31       EV: 21    Int:  7    God:    Lugonu [******]
Gold:   3577       SH: 16    Dex: 16    Spells: 0 memorised, 16 levels left

rFire  + . .     SeeInvis +     s - +3 battleaxe
rCold  . . .     Clarity  +     r - +4 moon troll leather armour {Spirit, Regen++ MP+5}
rNeg   + . .     SustAt   .     S - +2 shield {AC+3}
rPois  +         Gourm    .     (helmet unavailable)
rElec  .         Spirit   +     u - +3 cloak of the Other World {+Fly Dex-2 Slay+2}
rCorr  .         Warding  .     Q - +2 pair of fencer's gloves {LBl+4 SBl+4 EV+3 Dex+6}
rMut   .         Stasis   +     K - +1 pair of boots
MR     ++...                    L - amulet of clarity
Stlth  +.........               B - ring of poison resistance
                                I - ring of Cemol {rF+ rN+ MR+ Int-5 Dex+2}

@: very resistant to hostile enchantments, very unstealthy
A: permanent stasis, dig shafts and tunnels, four strong arms, antennae 3,
strong 1
a: Dig, Shaft Self, Depart the Abyss, Bend Space, Banish, Corrupt, Enter the
Abyss, Brand Weapon With Distortion, Renounce Religion, Evoke Flight


You were on level 1 of the Depths.
You worshipped Lugonu.
Lugonu was exalted by your worship.
You were not hungry.

You visited 4 branches of the dungeon, and saw 28 of its levels.
You visited the Abyss 1 time.
You also visited: Labyrinth and Ossuary.

You collected 3689 gold pieces.
You spent 112 gold pieces at shops.

Inventory:

Hand Weapons
 b - a +1 war axe of flaming
 s - a +3 battleaxe (weapon)
 C - a +3 morningstar of draining
Missiles
 P - 27 tomahawks (quivered)
Armour
 r - the +4 moon troll leather armour (worn) {Spirit, Regen++ MP+5}
   (You found it on level 7 of the Dungeon)

   It affects your magic capacity (+5).
   It increases your rate of regeneration.
 u - the +3 cloak of the Other World (worn) {+Fly Dex-2 Slay+2}
   (You found it on level 8 of the Lair of Beasts)

   It affects your dexterity (-2).
   It affects your accuracy and damage with ranged weapons and melee attacks
   (+2).
   It lets you fly.
 K - a +1 pair of boots (worn)
 Q - the +2 pair of fencer's gloves (worn) {LBl+4 SBl+4 EV+3 Dex+6}
   (You found it in a labyrinth)

   It affects your evasion (+3).
   It affects your dexterity (+6).
 S - a +2 shield of protection (worn)
Rods
 T - a +4 rod of inaccuracy (14/14)
   (You found it in a labyrinth)
Jewellery
 B - a ring of poison resistance (right hand)
 I - the ring of Cemol (left hand) {rF+ rN+ MR+ Int-5 Dex+2}
   (You found it on level 8 of the Lair of Beasts)

   [ring of protection from magic]

   It affects your intelligence (-5).
   It affects your dexterity (+2).
   It protects you from fire.
   It protects you from negative energy.
   It affects your resistance to hostile enchantments.
 L - an amulet of clarity (around neck)
 V - the ring of Ciukeil {Wiz rElec MP+9}
   (You found it in a labyrinth)

   [ring of wizardry]

   It improves your spell success rate.
   It insulates you from electricity.
   It affects your magic capacity (+9).
 X - an uncursed ring of invisibility
Wands
 a - a wand of fire (7)
 j - a wand of draining (7)
 l - a wand of disintegration (7)
 p - a wand of random effects (21)
 v - a wand of paralysis (13)
 w - a wand of paralysis (5)
 x - a wand of draining (5)
 y - a wand of lightning (11)
 J - a wand of disintegration (8)
 M - a wand of heal wounds (4)
 O - a wand of draining (6)
 W - a wand of paralysis (14)
Scrolls
 d - 2 scrolls of enchant weapon
 f - 2 scrolls of immolation
 h - 5 scrolls of recharging
 k - 10 scrolls of remove curse
 n - 9 scrolls of identify
 G - 4 scrolls of amnesia
 U - 2 scrolls of enchant armour
Potions
 e - 5 potions of curing
 g - a potion of cancellation
 m - a potion of invisibility
 q - 2 potions of magic
 A - 2 potions of flight
 N - 2 potions of resistance
 R - 4 potions of agility
 Z - 4 potions of heal wounds
Miscellaneous
 E - a stone of tremors
Comestibles
 c - 16 bread rations
 i - 10 chunks of flesh
 z - 21 fruits
 D - 10 meat rations
 F - 2 beef jerkies
 H - 4 slices of pizza


   Skills:
 + Level 12.0 Fighting
 * Level 14.4 Axes
 + Level 15.5 Armour
 + Level 9.6 Dodging
 - Level 13.9 Shields
 - Level 12.0 Invocations


You had 16 spell levels left.
You didn't know any spells.

Dungeon Overview and Level Annotations

Branches:
Dungeon (15/15)            Temple (0/1) D:4            Lair (8/8) D:8
 Shoals (0/4) Lair:6        Snake (0/4) Lair:3        Slime (0/6) Lair:6
    Orc (4/4) D:10            Elf (0/3) Orc:3        Vaults (0/5) D:13
 Depths (1/5) D:15

Altars:
Ashenzari
Cheibriados
Fedhas
Gozag
Makhleb
Nemelex Xobeh
Qazlal
Ru
Sif Muna
Trog
Vehumet
Xom
Yredelemnul
Zin
The Shining One
Beogh
Jiyva

Shops:
D:9 :   D:10 ?   D:14 =   Orc:4 =%(}

Portals:
Hell: Lair:8 Depths:1
Pandemonium: Depths:1

Annotations:
Lair:5 1 runed door
Abyss:1 Azrael, Grinder, Maud


Innate Abilities, Weirdness & Mutations

You are under a permanent stasis effect.
You can dig through walls and to a lower floor.
Your four strong arms can wield two-handed weapons with a shield.
You have a pair of large antennae on your head (SInv).
Your muscles are strong. (Str +2)


Message History

The deep troll shaman seems to grow stronger.
You block the deep troll earth mage's attack.
The deep troll earth mage claws you!
The deep troll earth mage barely misses you.
The deep troll shaman calls upon its god to strengthen the deep troll shaman.
The deep troll shaman seems to grow stronger.
The deep troll earth mage bites you!!
* * * LOW HITPOINT WARNING * * *
The deep troll earth mage claws you!
* * * LOW HITPOINT WARNING * * *
The deep troll earth mage completely misses you.
Press: ? - help, Shift-Dir - straight line, f - deep troll earth mage
Aim: a deep troll earth mage (fast, unusually strong, chance to defeat MR: 75%)
The deep troll earth mage struggles to resist.
You feel quite a bit more hungry.
You block the deep troll earth mage's attack.
The deep troll earth mage claws you!!
* * * LOW HITPOINT WARNING * * *
The deep troll earth mage claws you!
You die...

........#........#
........#........#
#####.#.'........+..
#............#.# #.#######....#.#
#.#.. #..'##.# #.'. #.#..#.######
#####.# #...........# .[.#..#
.#.@T......#
##....#######.##TT..#.#.#........
#.##......... #...T..#.#........
##.####.##.#.# #.#....#.#........
.....##.##.#.#
#.##..ยง..#....T...
##.#.##.##.#.# #.###....#........
#.........(.# #.####...'.$......
###.###.##(## #.#...............
#.# #.##'####'#.......)......#


You could see 2 deep troll earth magi and 2 deep troll shamans.

Vanquished Creatures
  Agnes (D:15)
  A balrug (Depths:1)
  An orc warlord (Orc:2)
  2 dire elephants
  3 ettins
  An ogre mage (D:15)
  Josephine (Orc:2)
  A great orb of eyes (Depths:1)
  The ghost of DEFE the Fighter, a journeyman CeGl of Okawaru (Orc:3)
  A rakshasa (Depths:1)
  A catoblepas (Lair:6)
  3 centaur warriors
  6 hydras
  2 dancing weapons (D:13)
  2 deep troll shamans (Depths:1)
  6 death yaks
  A tengu warrior (D:13)
  A queen ant (Lair:1)
  4 orc high priests (Orc:4)
  Nergalle (Orc:1)
  4 deep trolls (Depths:1)
  3 hill giants
  2 wolf spider zombies
  A phantasmal warrior (D:12)
  An unseen horror (D:14)
  A wizard (Lair:8)
  2 orc sorcerers
  2 wolf spiders
  2 manticores
  14 ugly things
  3 griffons
  A cyclops (D:12)
  A sixfirhy (Lair:8)
  17 black mambas
  16 elephants
  A torpor snail (Lair:5)
  5 centaur skeletons
  20 spiny frogs
  A kobold demonologist (D:12)
  2 yaktaurs (Depths:1)
  10 komodo dragons
  6 fire drakes
  A hellwing (Lair:8)
  5 two-headed ogres
  A tengu conjurer (Depths:1)
  3 blue devils (Lair:8)
  2 slime creatures (D:15)
  5 trolls
  13 blink frogs
  A trapdoor spider (shapeshifter) (Depths:1)
  2 spriggans
  A centaur simulacrum (D:14)
  3 water elementals (Depths:1)
  A shadow (D:12)
  41 yaks
  4 basilisks
  3 deep elf magi
  3 fire elementals
  Eustachio (D:6)
  4 wraiths (Orc:2)
  2 wyverns
  13 wolves
  9 hippogriffs
  9 vampire mosquitoes
  A deep elf fighter (D:8)
  5 wargs
  Edmund (D:5)
  23 orc warriors
  3 hell hounds
  21 water moccasins
  7 soldier ants (Lair:1)
  A sky beast (D:13)
  12 porcupines
  4 wasps
  8 centaurs
  An eye of draining (D:8)
  5 phantoms
  16 ice beasts
  3 necrophages
  16 ogres
  16 crocodiles
  Blork the orc (D:6)
  2 brain worms (D:15)
  2 big kobolds
  A gnoll sergeant (D:6)
  18 giant frogs
  5 scorpions
  A wyvern skeleton (D:15)
  4 wights (D:15)
  A jelly (D:6)
  The ghost of dorian the Agent of Entropy, a weakling DsAK of Lugonu (D:3)
  14 killer bees
  2 lava snakes (D:10)
  5 giant frog zombies
  2 bog bodies (Ossuary)
  3 centaur zombies
  39 orc priests
  A quasit (D:15)
  13 crimson imps
  7 hounds
  3 giant frog skeletons
  Terence (D:2)
  36 orc wizards
  8 iguanas
  34 worker ants
  30 sheep
  A hound zombie (D:5)
  A hound skeleton (D:4)
  6 mummies (Ossuary)
  A worker ant zombie (D:11)
  30 adders
  18 gnolls
  41 river rats
  5 shadow imps
  An ooze (D:7)
  3 adder zombies
  A worm (D:6)
  161 orcs
  19 bats
  4 giant cockroaches
  9 goblins
  7 hobgoblins
  27 jackals
  21 kobolds
  6 quokkas
  2 ball pythons
  3 giant geckos
  6 giant newts
  A jackal skeleton (D:4)
  A quokka skeleton (D:9)
  18 rats
  4 fungi (Lair:8)
  2 plants (Lair:7)
1058 creatures vanquished.

Vanquished Creatures (others)
  An octopode crusher (Depths:1)
  A fire giant (Depths:1)
  A minotaur (Lab)
  A centaur warrior (D:8)
  3 sun demons
  The ghost of dorian the Schismatic, a novice DsAK of Lugonu (D:7)
  An oklob plant (Lair:4)
  2 hill giants (D:10)
  A black mamba (Lair:1)
  3 orange demons (Lair:8)
  2 blue devils (Lair:8)
  A blink frog (Lair:4)
  4 hungry ghosts
  An ogre (D:6)
  An electric eel (Lair:3)
  2 lava snakes (D:10)
  A sheep (Lair:4)
  A mummy (Ossuary)
  A river rat (Lair:2)
  2 orcs
  A bush (Lair:8)
  39 fungi
  36 plants
107 creatures vanquished.

Grand Total: 1165 creatures vanquished

Notes
Turn   | Place    | Note
--------------------------------------------------------------
     0 | Abyss:1  | dorian the Formicid Abyssal Knight began the quest for the Orb.
     0 | Abyss:1  | Reached XP level 1. HP: 18/18 MP: 2/2
    22 | D:1      | Escaped the Abyss
    53 | D:1      | Reached XP level 2. HP: 12/24 MP: 3/3
   409 | D:1      | Reached ** piety under Lugonu
   479 | D:1      | Reached XP level 3. HP: 29/29 MP: 4/4
  1117 | D:2      | Noticed Terence
  1146 | D:2      | Killed Terence
  1146 | D:2      | Reached XP level 4. HP: 27/35 MP: 6/6
  1673 | D:3      | Reached *** piety under Lugonu
  1790 | D:3      | Noticed Grinder
  1791 | D:3      | Banished Grinder
  1791 | D:3      | Reached skill level 4 in Invocations
  1791 | D:3      | Reached XP level 5. HP: 41/41 MP: 6/8
  1791 | D:3      | Reached XP level 6. HP: 47/47 MP: 6/9
  2518 | D:3      | Found a bloodstained altar of Trog.
  2521 | D:3      | Noticed dorian's ghost (weakling DsAK)
  2548 | D:3      | Killed dorian's ghost
  2932 | D:4      | Found a sacrificial altar of Ru.
  3335 | D:5      | Entered Level 5 of the Dungeon
  3384 | D:4      | Found an opulent altar of Gozag.
  3385 | D:4      | Found a glowing silver altar of Zin.
  3392 | D:4      | Reached skill level 5 in Invocations
  3392 | D:4      | Reached XP level 7. HP: 49/52 MP: 10/10
  3445 | D:4      | Found a staircase to the Ecumenical Temple.
  3596 | D:4      | Reached **** piety under Lugonu
  3868 | D:5      | Noticed Edmund
  3884 | D:5      | Killed Edmund
  3884 | D:5      | Reached skill level 5 in Axes
  3884 | D:5      | Reached skill level 5 in Armour
  4156 | D:5      | Reached skill level 6 in Invocations
  4156 | D:5      | Reached XP level 8. HP: 31/58 MP: 12/12
  4974 | D:5      | Found a glowing golden altar of the Shining One.
  5207 | D:5      | Found a snail-covered altar of Cheibriados.
  5640 | D:6      | Noticed Eustachio
  5752 | D:6      | Killed Eustachio
  5752 | D:6      | Reached skill level 7 in Invocations
  5891 | D:6      | Noticed Blork the orc
  5912 | D:6      | Killed Blork the orc
  6243 | D:6      | Reached XP level 9. HP: 15/64 MP: 14/14
  7242 | D:6      | Reached skill level 8 in Invocations
  7341 | D:7      | Noticed dorian's ghost (novice DsAK)
  7345 | D:7      | Banished dorian's ghost
  7463 | D:7      | Found a sand-covered staircase.
  7471 | Ossuary  | Entered an ossuary
  7951 | D:7      | Reached skill level 9 in Invocations
  8335 | D:7      | Reached XP level 10. HP: 60/70 MP: 17/17
  8651 | D:8      | Found a deep blue altar of Sif Muna.
  8802 | D:8      | Reached ***** piety under Lugonu
  8908 | D:8      | Found a blossoming altar of Fedhas.
  8908 | D:8      | Found a shattered altar of Ashenzari.
  8973 | D:8      | Reached skill level 10 in Invocations
  9694 | D:8      | Noticed a centaur warrior
  9695 | D:8      | Banished a centaur warrior
  9705 | D:8      | Found a basalt altar of Yredelemnul.
  9706 | D:8      | Found a sparkling altar of Nemelex Xobeh.
  9815 | D:8      | Found a staircase to the Lair.
 10295 | D:9      | Reached skill level 10 in Armour
 10464 | D:9      | Reached XP level 11. HP: 74/74 MP: 19/19
 10471 | D:9      | Reached skill level 11 in Invocations
 10533 | D:9      | Found Xafre's Book Boutique.
 10732 | D:10     | Entered Level 10 of the Dungeon
 10732 | D:10     | Found a staircase to the Orcish Mines.
 11003 | D:10     | Found Hiunuh's Magic Scroll Boutique.
 11013 | D:10     | Noticed a hill giant
 11013 | D:10     | Banished a hill giant
 11182 | D:10     | Bought a scroll of enchant armour for 112 gold pieces
 11195 | D:10     | Noticed a hill giant
 11302 | D:10     | Banished a hill giant
 11350 | D:9      | Reached skill level 10 in Axes
 11792 | D:11     | Noticed a green ugly thing
 11803 | D:11     | Killed a green ugly thing
 11992 | D:11     | Noticed a hill giant
 12002 | D:11     | Killed a hill giant
 12002 | D:11     | Reached skill level 12 in Invocations
 12141 | D:11     | Found a shimmering altar of Xom.
 12438 | D:11     | Noticed Maud
 12451 | D:11     | Banished Maud
 13020 | D:12     | Noticed Azrael
 13021 | D:12     | Banished Azrael
 13021 | D:12     | Reached skill level 1 in Dodging
 13021 | D:12     | Reached XP level 12. HP: 83/83 MP: 21/21
 13177 | Lair:1   | Entered Level 1 of the Lair of Beasts
 13247 | Lair:1   | Reached skill level 5 in Fighting
 13345 | Lair:1   | Noticed a queen ant
 13377 | Lair:1   | Killed a queen ant
 14550 | Lair:2   | Reached skill level 1 in Shields
 15274 | Lair:2   | Got a pitted ring mail
 15285 | Lair:2   | Identified the cursed +0 ring mail of Satisfaction {Int+5 Dex-4} (You found it on level 2 of the Lair of Beasts)
 15550 | Lair:3   | Reached XP level 13. HP: 80/96 MP: 20/22
 15587 | Lair:3   | Found a staircase to the Snake Pit.
 15755 | Lair:3   | Reached skill level 5 in Shields
 16803 | Lair:4   | Reached skill level 5 in Dodging
 17086 | Lair:4   | Reached skill level 13 in Armour
 17659 | Lair:5   | Found a labyrinth entrance.
 17668 | Lab      | Entered a labyrinth
 17760 | Lab      | Noticed a minotaur
 17760 | Lab      | Banished a minotaur
 17773 | Lab      | Got a slimy bone ring
 17787 | Lab      | Identified the ring of Ciukeil {Wiz rElec MP+9} (You found it in a labyrinth)
 17796 | Lab      | Got a blackened chain mail
 17815 | Lair:5   | Gained mutation: Your muscles are strong. (Str +2) [potion of beneficial mutation]
 17851 | Lair:4   | Identified the cursed +1 chain mail of Gemex {rN+ Int+3} (You found it in a labyrinth)
 17889 | Lair:5   | Reached XP level 14. HP: 106/106 MP: 23/23
 18316 | Lair:1   | Identified a +4 rod of inaccuracy (14/14) (You found it in a labyrinth)
 18612 | Lair:6   | Reached ****** piety under Lugonu
 19632 | Lair:5   | Found a runed door.
 19644 | Lair:5   | Reached skill level 10 in Shields
 19655 | Lair:5   | Got a pitted war axe
 19656 | Lair:5   | Identified the cursed +1 war axe "Zeufucs" {chop, Dex+2} (You found it on level 5 of the Lair of Beasts)
 19989 | Lair:6   | Found a staircase to the Shoals.
 20039 | Lair:6   | Found a staircase to the Slime Pits.
 20044 | Lair:6   | Found a viscous altar of Jiyva.
 20438 | Lair:7   | Found a stormy altar of Qazlal.
 21205 | Lair:8   | Entered Level 8 of the Lair of Beasts
 21602 | Lair:8   | Reached XP level 15. HP: 115/115 MP: 24/24
 21797 | Lair:8   | Reached skill level 14 in Armour
 21807 | Lair:8   | Reached skill level 10 in Fighting
 21946 | Lair:8   | Found a burning altar of Makhleb.
 22054 | Lair:8   | Got an ancient brass ring
 22582 | Lair:7   | Identified the ring of Cemol {rF+ rN+ MR+ Int-5 Dex+2} (You found it on level 8 of the Lair of Beasts)
 22801 | Lair:8   | Found a gateway to Hell.
 22820 | Lair:8   | Got a heavily runed cloak
 22831 | Lair:8   | Identified the +3 cloak of the Other World {+Fly Dex-2 Slay+2} (You found it on level 8 of the Lair of Beasts)
 23139 | Orc:1    | Entered Level 1 of the Orcish Mines
 23470 | Orc:2    | Noticed Josephine
 23481 | Orc:2    | Killed Josephine
 23567 | Orc:2    | Noticed an orc warlord
 23588 | Orc:2    | Killed an orc warlord
 23936 | Orc:1    | Noticed Nergalle
 23945 | Orc:1    | Killed Nergalle
 24264 | Orc:3    | Found a staircase to the Elven Halls.
 24283 | Orc:4    | Entered Level 4 of the Orcish Mines
 24640 | Orc:3    | Found a roughly hewn altar of Beogh.
 24702 | Orc:3    | Noticed DEFE's ghost (journeyman CeGl)
 24731 | Orc:3    | Killed DEFE's ghost
 25260 | Orc:2    | Found a roughly hewn altar of Beogh.
 26174 | Orc:4    | Found Leemukk's Gadget Shoppe.
 26174 | Orc:4    | Found Qaruwo's Jewellery Emporium.
 26174 | Orc:4    | Found Noipnan's Food Emporium.
 26177 | Orc:4    | Found Cowaheh's Weapon Shoppe.
 26271 | Orc:4    | Reached XP level 16. HP: 124/124 MP: 25/25
 27154 | D:12     | Found a radiant altar of Vehumet.
 27157 | D:12     | Noticed a hill giant
 27166 | D:12     | Killed a hill giant
 27248 | D:12     | Noticed a hill giant
 27256 | D:12     | Killed a hill giant
 27357 | D:12     | Noticed a phantasmal warrior
 27366 | D:12     | Killed a phantasmal warrior
 27391 | D:12     | Noticed a cyclops
 27399 | D:12     | Killed a cyclops
 27669 | D:13     | Found a blossoming altar of Fedhas.
 27869 | D:13     | Found a gate to the Vaults.
 28205 | D:14     | Found Cinek's Jewellery Shoppe.
 28909 | D:15     | Entered Level 15 of the Dungeon
 29039 | D:15     | Reached skill level 15 in Armour
 29395 | D:15     | Noticed Agnes
 29409 | D:15     | Killed Agnes
 29667 | D:15     | Found a staircase to the Depths.
 29739 | Depths:1 | Entered Level 1 of the Depths
 29814 | Depths:1 | Reached XP level 17. HP: 103/133 MP: 23/26
 29895 | Depths:1 | Noticed an octopode crusher
 29910 | Depths:1 | Banished an octopode crusher
 30175 | Depths:1 | Got a fine dagger
 30176 | Depths:1 | Identified the cursed +0 dagger "Bezxe" {drain, SInv} (You found it on level 1 of the Depths)
 30385 | Depths:1 | Found a one-way gate leading to the halls of Pandemonium.
 30468 | Depths:1 | Slain by a deep troll earth mage

Action                   |  1- 3 |  4- 6 |  7- 9 | 10-12 | 13-15 | 16-18 || total
-------------------------+-------+-------+-------+-------+-------+-------++-------
Melee: Hand axe          |   153 |   218 |    15 |       |       |       ||   386
       War axe           |       |       |    29 |       |   569 |   488 ||  1086
       Flail             |       |       |   548 |       |       |       ||   548
       Morningstar       |       |       |    10 |  1020 |   980 |       ||  2010
       Halberd           |       |       |       |       |   296 |       ||   296
       Battleaxe         |       |       |       |       |       |   282 ||   282
 Fire: Blowgun           |       |       |     6 |       |       |       ||     6
Throw: Tomahawk          |       |       |       |     3 |    14 |       ||    17
Invok: Banish            |       |     1 |     5 |    17 |    12 |    13 ||    48
 Abil: Dig               |       |       |       |     1 |    24 |     5 ||    30
Evoke: Wand              |       |       |       |     6 |       |       ||     6
       Rod               |       |       |       |       |     4 |       ||     4
  Use: Scroll            |       |       |     9 |     8 |    17 |     4 ||    38
       Potion            |       |       |     4 |     1 |     2 |     3 ||    10
 Stab: Paralysed         |       |       |       |     5 |       |       ||     5
       Petrified         |       |       |       |       |     2 |       ||     2
       Distracted        |       |       |       |       |       |     2 ||     2
       Sleeping          |       |       |       |       |       |     1 ||     1
       Confused          |       |       |       |       |       |     1 ||     1
  Eat: Chunk             |     1 |     8 |    11 |    24 |    38 |    18 ||   100
       Beef jerky        |       |       |     1 |       |       |       ||     1
       Bread ration      |       |       |     1 |     1 |     1 |     1 ||     4
       Royal jelly       |       |       |     1 |       |       |       ||     1
       Pizza             |       |       |     1 |       |       |       ||     1
       Meat ration       |       |       |       |     1 |       |       ||     1
       Fruit             |       |       |       |       |    11 |       ||    11
